 Dungeon Crawl Stone Soup version 0.18.1-8-gdd0e5ea (webtiles) character file.

71 Freshguac the Ducker (level 4, -1/44 HPs)
             Began as a Troll Fighter on June 2, 2016.
             Slain by schammes's ghost (11 damage)
             ... on level 3 of the Dungeon.
             The game lasted 00:11:26 (737 turns).

Freshguac the Ducker (Troll Fighter)                 Turns: 737, Time: 00:11:26

Health: -1/44      AC:  5    Str: 30    XL:     4   Next: 5%
Magic:  3/3        EV:  8    Int:  4    God:
Gold:   59         SH:  9    Dex:  9    Spells: 0 memorised, 3 levels left

rFire  . . .     SeeInvis .     a - +0 war axe
rCold  . . .     Gourm    +     b - +0 robe
rNeg   . . .     Faith    .     c - +0 shield
rPois  .         Spirit   .     (helmet restricted)
rElec  .         Dismiss  .     (no cloak)
rCorr  .         Reflect  .     (gloves unavailable)
SustAt .         Harm     .     (boots unavailable)
MR     .....                    g - amulet of rage
Stlth  +.........               (no ring)
                                (no ring)

@: mighty, lethally poisoned (-1 -> -2), not resistant to hostile enchantments,
very unstealthy
A: unfitting armour, claws 3, fast metabolism 3, gourmand, regeneration 2,
shaggy fur 1, tough skin 2
a: Evoke Berserk Rage


You were on level 3 of the Dungeon.
You were not hungry.

You visited 1 branch of the dungeon, and saw 3 of its levels.

You collected 59 gold pieces.

Inventory:

Hand Weapons
 a - a +0 war axe (weapon)
Missiles
 e - 41 stones (quivered)
 i - 5 tomahawks of returning
Armour
 b - a +0 robe (worn)
 c - a +0 shield (worn)
Jewellery
 g - an amulet of rage (around neck)
Potions
 k - a potion of haste
Comestibles
 f - 3 bread rations
 h - a meat ration
 j - 5 fruits


   Skills:
 + Level 2.7 Fighting
 + Level 1.8 Axes
 + Level 3.1 Dodging
 + Level 0.4 Stealth
 + Level 2.9 Shields


You had 3 spell levels left.
You didn't know any spells.

Dungeon Overview and Level Annotations

Branches:
Dungeon (3/15)

Altars:
Zin

Shops:
D:3 *

Annotations:
D:3 schammes's ghost, amateur DDGl


Innate Abilities, Weirdness & Mutations

You are too large for most types of armour.
You have claws for hands.
Your metabolism is lightning-fast.
You like to eat raw meat.
You heal very quickly.
You are covered in fur (AC +1).
You have very tough skin (AC +2).


Message History

You barely miss schammes's ghost.
Schammes's ghost is lightly damaged.
You feel sick. Schammes's ghost barely misses you.
You block schammes's ghost's attack.
You miss schammes's ghost.
Schammes's ghost is lightly damaged.
You block schammes's ghost's attack.
Okay, then.
You're too hungry to go berserk.
Eat which item? (? for menu, Esc to quit)
Schammes's ghost hits you.
* * * LOW HITPOINT WARNING * * *
You continue eating.
You feel sick. Schammes's ghost completely misses you.
You continue eating.
Schammes's ghost hits you.
* * * LOW HITPOINT WARNING * * *
You finish eating.
That bread ration really hit the spot!
You miss schammes's ghost. Schammes's ghost hits you!
You die...

#.##.#######
#.
#............
#.
#............
#.
#......$.....
#.
#............
#.#.###.
#............
#......<
#............
#......#
#.....W......
#......#
#....@†......
#.#.####
#............
# # . #
#............
#.#
#.)..........
#.#
#)...........
#.####..
#.##.#######.
........
#.##.#
#.###...
#.##.# #.#
#.## #.# >#
#.###.##


You could see schammes's ghost.

Vanquished Creatures
  Ijyb (D:3)
  2 adders
  A dart slug (D:2)
  2 giant geckos
  An orc (D:3)
  2 goblins
  A hobgoblin (D:3)
  A kobold (D:1)
  A quokka (D:3)
  4 bats
  2 giant newts (D:1)
  3 rats
21 creatures vanquished.

Notes
Turn   | Place    | Note
--------------------------------------------------------------
     0 | D:1      | Freshguac the Troll Fighter began the quest for the Orb.
     0 | D:1      | Reached XP level 1. HP: 22/22 MP: 0/0
   212 | D:1      | Reached XP level 2. HP: 29/29 MP: 1/1
   408 | D:1      | You fall through a shaft!
   572 | D:2      | Reached XP level 3. HP: 36/36 MP: 2/2
   661 | D:3      | Found Zin's Purification Station.
   664 | D:3      | Found a glowing silver altar of Zin.
   691 | D:3      | Noticed Ijyb
   707 | D:3      | Killed Ijyb
   707 | D:3      | Reached skill level 3 in Dodging
   719 | D:3      | Noticed schammes's ghost (amateur DDGl)
   725 | D:3      | Reached XP level 4. HP: 25/44 MP: 3/3
   737 | D:3      | Slain by schammes's ghost

Skill      XL: |  1  2  3 |
---------------+----------+-----
Dodging        | 3 |  3.1
Fighting       | |  2.7
Axes           | |  1.8
Stealth        | |  0.4
Shields        | |  2.9

Action                   |  1- 3 |  4- 6 || total
-------------------------+-------+-------++-------
Melee: War axe           |    94 |     8 ||   102
Throw: Stone             |     2 |       ||     2
  Use: Scroll            |     4 |       ||     4
       Potion            |     2 |     1 ||     3
  Eat: Chunk             |     3 |       ||     3
       Bread ration      |       |     1 ||     1
Armor: Robe              |    40 |     2 ||    42
Dodge: Dodged            |    44 |     3 ||    47
Block: Shield            |    50 |     6 ||    56
